 Dungeon Crawl Stone Soup version 0.29.0-11-gd7f09526c8 (webtiles) character file.

Game seed: 12184272722293807777

30 sanka the Vexing (level 2, -1/24 HPs)
             Began as a Demigod Arcane Marksman on Sept 5, 2022.
             Slain by a ball python (3 damage)
             ... on level 1 of the Dungeon.
             The game lasted 00:00:57 (636 turns).

sanka the Vexing (Demigod Arcane Marksman)           Turns: 636, Time: 00:00:58

Health: -1/24      AC:  2    Str: 11    XL:     2   Next: 87%
Magic:  5/5        EV: 12    Int: 15    God:
Gold:   76         SH:  0    Dex: 14    Spells: 2/3 levels left

rFire   . . .      SeeInvis .   a - +1 sling
rCold   . . .      Faith    .   (no shield)
rNeg    . . .      Spirit   .   c - +0 robe
rPois   .          Reflect  .   (no helmet)
rElec   .          Harm     .   (no cloak)
rCorr   .          Rampage  .   (no gloves)
Will    +....                   (no boots)
Stlth   +.........              (no amulet)
HPRegen 0.08/turn               (no ring)
MPRegen 0.09/turn               d - ring of willpower

@: no status effects
A: high MP 1, forlorn, divine attributes
a: no special abilities


You were on level 1 of the Dungeon.
You visited 1 branch of the dungeon, and saw 1 of its levels.

You collected 76 gold pieces.


Innate Abilities, Weirdness & Mutations

You have an increased reservoir of magic. (+10% MP)
You shall have no god before yourself.
Your divine heritage dramatically boosts your attributes as you level up.


   Skills:
 + Level 1.7 Fighting
 - Level 2.0 Ranged Weapons
 + Level 2.3 Dodging
 - Level 1.0 Spellcasting
 - Level 3.0 Hexes


You had 2 spell levels left.
You knew the following spells:

 Your Spells              Type           Power      Damage    Failure   Level
z - Slow                  Hex            36%        N/A       7%          1

Your spell library contained the following spells:

 Spells                   Type           Power      Damage    Failure   Level
 Inner Flame              Hex/Fire       5%         N/A       36%         3
 Portal Projectile        Hex/Tloc       10%        N/A       36%         3
 Cause Fear               Hex            4%         N/A       56%         4

Inventory:

Hand Weapons
 a - a +1 sling (weapon)
Armour
 c - a +0 robe (worn)
Jewellery
 d - a ring of willpower (right hand)
Scrolls
 b - a scroll of poison {!r}
Potions
 e - a potion of curing {unknown}
 f - a potion of ambrosia {unknown}

Dungeon Overview and Level Annotations

Branches:
Dungeon (1/15)

.▒.▒▒▒▒▒▒.▒ ▒.....▒
▒.▒ .▒.▒.▒.▒▒▒▒.▒
▒...........▒
▒..........▒
▒..........▒▒▒▒▒
▒▒▒▒................
▒.................▒▒
▒p...............
▒S.............▒▒
▒..g......▒▒▒▒.▒
▒.........▒ .▒
▒▒▒▒..▒▒.▒▒ ▒
▒..▒▒.▒ ▒..▒ .▒
......▒ ▒▒▒.▒▒..


You could see a hobgoblin and a ball python.


Message History

The sling bullet closely misses the ball python.
The hobgoblin hits you.
* * * LOW HITPOINT WARNING * * *
You shoot a sling bullet.
The sling bullet barely misses the hobgoblin.
The ball python bites you.
* * * LOW HITPOINT WARNING * * *
The ball python barely misses you. The hobgoblin closely misses you.
You shoot a sling bullet.
The sling bullet closely misses the hobgoblin.
The ball python closely misses you. The ball python closely misses you.
The hobgoblin barely misses you. The ball python bites you.
* * * LOW HITPOINT WARNING * * *
The ball python grabs you. The ball python constricts you.
The hobgoblin hits you.
* * * LOW HITPOINT WARNING * * *
You escape the ball python's grasp.
The hobgoblin attacks as you move away!
The hobgoblin hits you but does no damage.
The hobgoblin attacks as you move away! The hobgoblin hits you.
* * * LOW HITPOINT WARNING * * *
The ball python attacks as you move away!
The ball python completely misses you. The ball python bites you.
You die...

Action                   || total
-------------------------++-------
 Fire: Sling             ||    85
Armor: Robe              ||    14
Dodge: Dodged            ||    36

Levels and vault maps discovered:
D:1:      amcnicky_arrival_blooded_trapdoor, layout_loops_ring,
          ebering_ecumenical_altar_mist, minmay_hexomino_c4

Notes
Turn   | Place    | Note
-------+----------+-------------------------------------------
     0 | D:1      | sanka the Demigod Arcane Marksman began the quest for the
                  | Orb.
     0 | D:1      | Reached XP level 1. HP: 15/15 MP: 4/4
    14 | D:1      | Reached skill level 2 in Ranged Weapons
    89 | D:1      | Reached skill level 3 in Hexes
    89 | D:1      | Reached skill level 1 in Fighting
   107 | D:1      | Reached XP level 2. HP: 23/23 MP: 5/5
   119 | D:1      | Reached skill level 2 in Dodging
   633 | D:1      | HP: 2/24 [hobgoblin (1)]
   636 | D:1      | Slain by a ball python

Vanquished Creatures
  3 endoplasms (D:1)
  2 giant cockroaches (D:1)
  A goblin (D:1)
  2 hobgoblins (D:1)
  4 jackals (D:1)
  2 quokkas (D:1)
  5 bats (D:1)
  2 frilled lizards (D:1)
  3 kobolds (D:1)
  5 rats (D:1)
29 creatures vanquished.
